And, lawful female human Valkyrie #########0 # | # . # .| ...|# . .@..### . -#-- # ## ####-##-- #0...| # |....#######%# |..>| . |...| |.... ----- And the Woman-at-arms Experience level: 13 Strength: 18/01 Dexterity: 17 Constitution: 18 Intelligence: 8 Wisdom: 11 Charisma: 7 Health: 102(102) Energy: 29(29) AC: -11 Gold: 111 Moves: 30904 Your Inventory: Coins $ - 111 gold pieces Weapons a - the blessed rustproof +5 Excalibur (weapon in hand) f - 20 uncursed +0 daggers (in quiver) B - an [uncursed +0] orcish dagger D - an uncursed [+1] dagger G - an [uncursed +0] elven dagger [of fumbling] Z - 3 uncursed [+0] elven daggers Armor c - an uncursed thoroughly burnt +3 small shield (being worn) j - an uncursed thoroughly burnt +0 elven leather helm q - a blessed very burnt +1 elven cloak (being worn) A - an uncursed +0 etched helmet named [alignmet? (of brilliance)] (being worn) J - a blessed thoroughly burnt +6 pair of speed boots (being worn) K - an uncursed +0 elven mithril-coat (being worn) M - an uncursed +0 cloak of invisibility O - a [cursed +0] pair of mud boots [levitation] X - an uncursed +0 T-shirt (being worn) Comestibles d - 5 uncursed food rations E - an [uncursed] C-ration L - an uncursed tripe ration Scrolls e - an [uncursed] scroll labeled FNORD [of charging] w - an [uncursed] scroll labeled KERNOD WEL [of scare monster] Potions b - a blessed pink potion [of fruit juice] k - an uncursed potion of healing t - an [uncursed] fizzy potion [of confusion] C - an [uncursed] puce potion [of gain ability] N - a [blessed] gooey potion [of gain energy] Rings h - a blessed +3 ring of protection (on right hand) i - an [uncursed] porcelain ring [of conflict] P - an uncursed ring of teleport control (on left hand) Wands g - an uncursed wand of slow monster [0:4] x - an uncursed wand of teleportation [0:2] y - an uncursed wand of digging [0:6] I - an uncursed aluminum wand [of nothing (0:3)] Q - an uncursed wand of sleep [0:4] R - an uncursed wand of striking [0:5] S - an uncursed jeweled wand [of undead turning (0:2)] U - an uncursed wand of magic missile [0:4] V - an uncursed wand of cold [0:5] Y - an uncursed wand of fire [0:5] Tools l - an uncursed key [skeleton key] m - an uncursed leash (in use) o - an uncursed bag [of holding] r - a blessed glass orb named The Orb of Fate [The Orb of Fate (0:5)] s - an uncursed [+0] unicorn horn [of telepathy] u - an uncursed tin whistle v - an uncursed silver bell [(Bell of Opening) (0:3)] z - an uncursed sack named [1] F - an uncursed blindfold H - an uncursed sack named [2] Contents of the bag of holding: an uncursed C-ration 2 uncursed lizard corpses 2 uncursed tripe rations a cursed luminescent potion [of acid] an uncursed potion of gain level an uncursed +2 ring of adornment an uncursed +3 ring of gain intelligence a cursed [-2] ring of gain strength an uncursed ring of invisibility an uncursed ring of protection from shape changers an uncursed ring of regeneration an uncursed ring of searching an uncursed ring of shock resistance an uncursed ring of warning an uncursed wand of digging [0:5] an uncursed wand of digging [0:3] an uncursed wand of light [0:12] an uncursed wand of magic missile [0:4] an uncursed wand of magic missile [0:7] an uncursed wand of magic missile [0:6] an uncursed wand of sleep [0:5] an uncursed wand of sleep [0:1] an uncursed wand of speed monster [0:7] an uncursed [+2] pick-axe an uncursed luckstone Contents of the sack named [2]: 8795 gold pieces Spells known in the end: Name Level Category Fail Memory Your skills at the end: Fighting Skills shield [Basic / Expert] Weapon Skills dagger [Expert / Expert] long sword [Expert / Expert] Spellcasting Skills Final Attributes: You were piously aligned. Hunger level was 693. Your alignment was 164 / 164. Monster difficulty range was 2 - 15. Level difficulty was 17. You resisted fire. You were immune to cold. You resisted sleep. You resisted poison. You were immune to level-drain. You were magic-protected. You resisted physical damage. You resisted spell damage. You were telepathic. You were warned. You had automatic searching. You were stealthy. You aggravated monsters. You had teleport control. You were protected. You were very fast. You were lucky (1). You had extra luck. Good luck did not time out for you. You are dead. Vanquished creatures: Lord Surtur a baby guivre a baby lindworm The Oracle Aphrodite 2 frost giants a ghost 4 locusts 2 giant mimics a zruty 26 fire giants 2 umber hulks 2 doppelgangers 2 large mimics 4 long worms 3 stalkers an air elemental a fire elemental 4 hill giants 2 black nagas a giant zombie a sergeant a winter wolf 7 small mimics 2 rodents of unusual size 3 warhorses 3 xans an ettin mummy 2 ogre lords a quantum mechanic 3 trolls 2 wood golems a pyrolisk a large dog 3 freezing spheres a flaming sphere 2 shocking spheres a large cat 3 tigers a dwarf king an ochre jelly 4 leocrottas 2 energy vortices a mountain centaur a stone giant 2 human mummies a cobra a wraith a leather golem 2 Grey-elves 11 soldiers a watchman a succubus 2 chameleons 3 giant beetles 2 quivering blobs 10 cockatrices 2 wolves 10 winter wolf cubs 2 panthers 3 gremlins 23 leprechauns an orc-captain an iron piercer 2 mumakil 6 giant spiders a scorpion 3 horses an ice vortex 4 black lights a vampire bat a forest centaur 5 gnome kings an orc mummy 3 ogres 3 brown puddings 2 rust monsters 3 owlbears 5 yetis a gold golem 19 Green-elves 6 lizards a warrior a chickatrice a dog 3 dingos 3 housecats a jaguar a white unicorn a gray unicorn 2 dust vortices 4 ravens a plains centaur a gnome mummy 14 apes 3 human zombies 4 Woodland-elves 7 soldier ants 84 fire ants a snow ant 3 bugbears an imp 10 wood nymphs 10 water nymphs 10 mountain nymphs 2 Mordor orcs 29 Uruk-hai 2 orc shamans 2 rock piercers 7 enormous rats 3 rock moles 3 ponies a fog cloud 6 yellow lights 3 shriekers 2 violet fungi 17 gnome lords 6 gnomish wizards 2 kobold mummies 2 black naga hatchlings 2 gray oozes 3 barrow wights 12 elf zombies a ghoul 6 straw golems 2 paper golems 3 wax golems 12 giant ants 4 little dogs 6 floating eyes 2 kittens 5 dwarves a homunculus 2 kobold lords 3 kobold shamans 6 hill orcs 17 rothes 4 rabid rats 2 centipedes a giant bat 3 monkeys 9 orc zombies 7 wererats 4 werejackals 3 muggers 8 iguanas 6 killer bees 2 acid blobs 5 coyotes a gas spore 3 hobbits 11 manes 3 large kobolds 5 hobgoblins 9 giant rats 6 cave spiders 4 yellow molds a green mold 4 red molds 89 gnomes 4 garter snakes a gnome zombie 13 geckos 20 jackals 2 foxes 5 kobolds 3 goblins 2 sewer rats 3 grid bugs 5 bats 5 lichens 13 newts 864 creatures vanquished. Voluntary challenges: You used a wielded weapon 894 times. You read items or engraved 47 times. You put on armor 31 times. You never genocided any monsters. You never polymorphed an object. You never changed form. You used no wishes. You wrote Elbereth's name 25 times. You never encountered a bones level. You never used any Sokoban shortcuts. Dungeon overview: The Dungeons of Doom: levels 1 to 19 Level 1 a long staircase Level 2 a potion shop, a fountain Level 3 a fountain Level 4 a fountain stairs to The Gnomish Mines Level 7 many fountains Level 8 a bookstore, an altar, a fountain stairs to Sokoban Level 9 a fountain stairs to Town Level 10 an altar, a fountain Level 13 a fountain, many trees portal to The Quest Level 14 a fountain Level 16 a fountain Level 17 <- You were here The Gnomish Mines: levels 5 to 12 Level 5 stairs to The Dungeons of Doom Level 7 some shops, a temple to Tyr, a magic chest, some fountains Level 12 a fountain The Quest: levels 1 to 5 Level 1 a magic chest, a fountain portal to The Dungeons of Doom Sokoban: levels 5 to 7 Level 7 a magic chest stairs to The Dungeons of Doom Town: levels 6 to 8 Level 6 many shops, some fountains, a sink Level 7 many fountains, many trees Level 8 stairs to The Dungeons of Doom History has recorded: On T:1 you entered the Dungeons of Doom to retrieve the Amulet of Yendor! On T:343 you reached level 2 of The Dungeons of Doom. On T:482 you reached level 3 of The Dungeons of Doom. On T:668 you advanced to experience level 2. On T:750 you advanced to experience level 3. On T:1008 you reached level 4 of The Dungeons of Doom. On T:1123 you advanced to experience level 4. On T:1404 you advanced to experience level 5. On T:1842 you reached level 1 of The Gnomish Mines. On T:1976 you reached level 5 of The Dungeons of Doom. On T:2097 you advanced to experience level 6. On T:2172 you reached level 6 of The Dungeons of Doom. On T:2629 you reached level 7 of The Dungeons of Doom. On T:2818 you advanced to experience level 7. On T:3120 you reached level 8 of The Dungeons of Doom. On T:3287 you advanced to experience level 8. On T:4732 you reached level 9 of The Dungeons of Doom. On T:5096 you advanced to experience level 9. On T:5161 you reached level 3 of Sokoban. On T:6419 you reached level 2 of Sokoban. On T:7079 you reached level 1 of Sokoban. On T:8820 you advanced to experience level 10. On T:9386 you reached level 2 of The Gnomish Mines. On T:9533 you reached level 3 of The Gnomish Mines. On T:10112 you reached level 4 of The Gnomish Mines. On T:10423 you reached level 5 of The Gnomish Mines. On T:11323 you reached level 7 of The Gnomish Mines. On T:12075 you reached level 8 of The Gnomish Mines. On T:12798 you advanced to experience level 11. On T:15647 you reached level 10 of The Dungeons of Doom. On T:15852 you reached level 3 of Town. On T:17569 you reached level 2 of Town. On T:18146 you reached level 1 of Town. On T:18646 you killed Aphrodite on level 2 of Town. On T:22706 you advanced to experience level 12. On T:22957 you reached level 11 of The Dungeons of Doom. On T:24899 you reached level 12 of The Dungeons of Doom. On T:25458 you reached level 13 of The Dungeons of Doom. On T:26381 you reached level 14 of The Dungeons of Doom. On T:26726 you reached level 15 of The Dungeons of Doom. On T:27411 you reached level 1 of The Quest. On T:27526 you embarked upon an epic quest. On T:27580 you reached level 2 of The Quest. On T:27755 you reached level 3 of The Quest. On T:28201 you reached level 4 of The Quest. On T:28335 you reached level 5 of The Quest. On T:28591 you advanced to experience level 13. On T:28742 you killed Lord Surtur on level 5 of The Quest. On T:29630 you reached level 16 of The Dungeons of Doom. On T:30640 you reached level 18 of The Dungeons of Doom. On T:30772 you reached level 19 of The Dungeons of Doom. On T:30846 you reached level 17 of The Dungeons of Doom. Latest messages: You slip the leash around your arch-lich. You displaced your arch-lich. (3x) You hit the locust! The locust bites! The locust stings! You feel deathly sick. [HP-5=97] You kill the locust! [HP+1=98] You displaced your arch-lich. [HP+4=102] You pull on the leash. You hear the splashing of a naiad. You pull on the leash. It screams! You hear a door open. With great effort you move the boulder. You pull on the leash. You try to move the boulder, but in vain. (4x) You stop. Your arch-lich is in the way! (2x) You displaced your arch-lich. (3x) You die from your illness. The sack named [1] is empty. Final status: Farvel And the Valkyrie... You were poisoned in The Dungeons of Doom on dungeon level 17 with 12256 points, and 8906 pieces of gold, after 30904 moves. You were level 13 with a maximum of 102 hit points when you were poisoned.